 Dungeon Crawl Stone Soup version 0.21-a0-128-gf2b353c (webtiles) character file.

356 Gorglomux the Skirmisher (level 6, 0/58 HPs)
             Began as a Hill Orc Abyssal Knight on July 16, 2017.
             Was a Believer of Lugonu.
             Slain by Edmund
             ... wielding a +2 dire flail of holy wrath
              (9 damage)
             ... on level 3 of the Dungeon.
             The game lasted 00:05:51 (3882 turns).

Gorglomux the Skirmisher (Hill Orc Abyssal Knight)  Turns: 3882, Time: 00:05:52

Health: 0/58       AC:  5    Str: 21    XL:     6   Next: 63%
Magic:  7/7        EV:  9    Int: 12    God:    Lugonu [**....]
Gold:   179        SH:  3    Dex: 10    Spells: 5/5 levels left

rFire    . . .     SeeInvis .   a - +1 hand axe
rCold    . . .     Gourm    .   J - +0 buckler
rNeg     . . .     Faith    .   V - +0 ring mail (curse)
rPois    .         Spirit   .   (no helmet)
rElec    .         Reflect  .   (no cloak)
rCorr    .         Harm     .   (no gloves)
MR       .....                  (no boots)
Stlth    +.........             (no amulet)
HPRegen  0.19/turn              A - +4 ring of strength
MPRegen  0.10/turn              x - ring of stealth

@: drained
A: no striking features
a: Depart the Abyss, Bend Space, Renounce Religion


You were on level 3 of the Dungeon.
You worshipped Lugonu.
Lugonu was pleased with you.
You were hungry.

You visited 1 branch of the dungeon, and saw 4 of its levels.
You visited the Abyss 1 time.

You collected 179 gold pieces.

Inventory:

Hand Weapons
 a - a +1 hand axe (weapon)
Armour
 C - a +0 large shield
 J - a +0 buckler (worn)
 V - a cursed +0 ring mail (worn)
Jewellery
 x - a ring of stealth (right hand)
 A - a +4 ring of strength (left hand)
Scrolls
 e - 2 scrolls of fog {unknown}
 i - 2 scrolls of fear {unknown}
 j - 2 scrolls of enchant armour {unknown}
 l - 2 scrolls of enchant weapon {unknown}
 m - 3 scrolls of identify {unknown}
 D - a scroll of recharging {unknown}
 G - 3 scrolls of remove curse {unknown}
 T - 2 scrolls of teleportation
Potions
 f - a potion of lignification {unknown}
 k - 3 potions of might {unknown}
 B - a potion of magic {unknown}
 H - a potion of ambrosia {unknown}
 U - 2 potions of curing {unknown}
 X - a potion of haste {unknown}
Comestibles
 c - 6 bread rations
 h - 2 royal jellies
 z - 2 meat rations
 E - 5 fruits


   Skills:
 + Level 6.6(5.6) Fighting
 + Level 6.6(5.6) Axes
 - Level 2.1(1.3) Armour
 - Level 0.7(0.0) Dodging
 - Level 2.4(1.5) Invocations


You had 5 spell levels left.
You didn't know any spells.

Dungeon Overview and Level Annotations

Branches:
Dungeon (4/15)
 Temple: D:4-7

Altars:
Gozag
Makhleb
Ru
Uskayaw
The Shining One

Shops:
D:3 *

Annotations:
D:3 exclusion: 2 doors, Edmund; Gorglomux's ghost, amateur HOVM
D:4 Eustachio


Message History

Edmund is butt-ly wounded!
Edmund hits you with a dire flail of holy wrath!
You barely miss Edmund!
Edmund is moderately wounded!
Edmund hits you with a dire flail of holy wrath!!!
You barely miss Edmund!
Edmund is moderately wounded!
Edmund hits you with a dire flail of holy wrath!!!
You are too injured to butt recklessly!!!
You chop Edmund into pieces!
Edmund is moderately butt!
Edmund hits you with a dire flail of holy wrath!
You open Edmund like a pillowcase!!!
Edmund is heavily wounded!
Edmund hits butt with a dire butt of holy wrath!!! * * * don't die
* * * You slice Edmund like a ripe choko!!!
Edmund is severely wounded!
Edmund hits you with a dire flail of holy wrath!!! rip

#.# #.......# ≈≈≈#.#≈ #.#
##.###### §..##.§§# #.# #.#
≈... ..§ #.# #.# ≈.=.##..§# #.#
###.### ≈≈ §≈#.#≈ #.# #.....#
#§#.#≈ #.##########.....##
#≈...≈ #............@....#
#≈§..≈
############..@...########≈§..≈
#.............#§§.≈≈
#.####.##########'## #.# #>#
#..# #.####.#########.###
#...................
###########.######## #.# #.#


You could see Edmund.

Vanquished Creatures
  3 wights (D:4)
  A bullfrog skeleton (D:4)
  An orc wizard (D:4)
  A worker ant (D:4)
  6 adders
  2 worms (D:2)
  2 dart slugs
  4 leopard geckos
  4 orcs (D:4)
  4 giant cockroaches
  6 goblins
  5 hobgoblins
  11 jackals
  6 kobolds
  2 quokkas (D:3)
  A ball python (D:2)
  9 bats
  6 frilled lizards
  5 rats
79 creatures vanquished.

Notes
Turn   | Place    | Note
-------+----------+-------------------------------------------
     0 | Abyss:1  | Gorglomux the Hill Orc Abyssal Knight began the quest for the Orb.
     0 | Abyss:1  | Reached XP level 1. HP: 19/19 MP: 2/2
    10 | D:1      | Escaped the Abyss
   216 | D:1      | Reached skill level 3 in Axes
   322 | D:1      | Reached XP level 2. HP: 27/27 MP: 3/3
   572 | D:1      | Reached XP level 3. HP: 29/34 MP: 4/4
   726 | D:1      | Reached ** piety under Lugonu
  1133 | D:2      | Reached XP level 4. HP: 38/41 MP: 5/5
  1351 | D:2      | Found a sacrificial altar of Ru.
  1664 | D:2      | Found a glowing golden altar of the Shining One.
  2154 | D:3      | Found a hide-covered altar of Uskayaw.
  2154 | D:3      | Noticed a dagger
  2155 | D:3      | Noticed a hand axe
  2222 | D:3      | Found an opulent altar of Gozag.
  2222 | D:3      | Found Gozag's Platinum Reserve.
  2370 | D:3      | Noticed Gorglomux's ghost (amateur HOVM)
  2596 | D:3      | Reached XP level 5. HP: 45/48 MP: 6/6
  2656 | D:3      | Found a burning altar of Makhleb.
  3340 | D:4      | Reached skill level 6 in Fighting
  3340 | D:4      | Reached skill level 6 in Axes
  3340 | D:4      | Reached XP level 6. HP: 21/57 MP: 7/7
  3858 | D:4      | Noticed Edmund
  3859 | D:4      | Noticed Eustachio
  3882 | D:3      | Slain by Edmund

Vault maps used:
D:1:      dpeg_arrival_oval, minmay_pentomino_s2
D:2:      old_standard_altar, nicolae_ru_awakened_eye
D:3:      overflow_temple_1_default, dancing_weapons_uskayaw,
          kennysheep_minor_cross, nicolae_gozag_zags_fifth_avenue
D:4:      wad_woods_pond, okawaru_ov_weapons_minmay, minmay_temple_entry_trees,
          serial_shops, nicolae_shop_crystal, shop, kennysheep_mini_moat,
          uniq_eustachio, uniq_edmund
Abyss:1:  hangedman_abyss_river_spirits

Skill      XL: |  1  2  3  4  5 |
---------------+----------------+-----
Fighting       | 4 5 6 |  6.6
Axes           | 3 4 5 6 |  6.6
Armour         | |  2.1
Dodging        | |  0.7
Invocations    | |  2.4

Action                   |  1- 3 |  4- 6 || total
-------------------------+-------+-------++-------
Melee: Hand axe          |   115 |   204 ||   319
  Use: Scroll            |       |     2 ||     2
  Eat: Chunk             |     1 |     8 ||     9
Armor: Leather armour    |    59 |    18 ||    77
       Ring mail         |       |    31 ||    31
Dodge: Dodged            |    99 |   105 ||   204
Block: Buckler           |       |    18 ||    18
